 Dungeon Crawl Stone Soup version 0.31-a0-188-g5e087ee2ca (webtiles) character file.

Game seed: 5998192695728202478

86 qw the Shooter (level 4, -5/25 HPs)
             Began as a Deep Elf Hunter on June 23, 2023.
             Slain by an ice beast (13 damage)
             ... on level 3 of the Dungeon.
             The game lasted 00:00:50 (1793 turns).

qw the Shooter (Deep Elf Hunter)                    Turns: 1793, Time: 00:00:50

Health: -5/25      AC:  3    Str: 10    XL:     4   Next: 27%
Magic:  6/6        EV: 12    Int: 14    God:
Gold:   118        SH:  5    Dex: 18    Spells: 3/3 levels left

rFire   . . .        Y - +0 shortbow
rCold   . . .        (shield currently unavailable)
rNeg    . . .        c - +0 leather armour
rPois   +            (no helmet)
rElec   .            (no cloak)
rCorr   .            (no gloves)
SInv    .            (no boots)
Will    .....        l - amulet of reflection
Stlth   ++           h - ring of poison resistance
HPRegen 0.24/turn    (no ring)
MPRegen 0.10/turn

%: reflection
@: no status effects
A: no striking features
a: no special abilities


You were on level 3 of the Dungeon.
You visited 1 branch of the dungeon, and saw 3 of its levels.

You collected 118 gold pieces.


   Skills:
 - Level 1.5 Fighting
 + Level 7.7 Ranged Weapons
 - Level 2.4 Dodging
 - Level 1.2 Stealth


You had 3 spell levels left.
You didn't know any spells.
Your spell library was empty.

Inventory:

Hand Weapons
 Y - a +0 shortbow (weapon)
Armour
 c - a +0 leather armour (worn)
 e - a +0 pair of gloves
Jewellery
 h - a ring of poison resistance (left hand)
 l - an amulet of reflection (around neck)
Scrolls
 a - a scroll of teleportation {unknown}
 b - a scroll of immolation {unknown}
Potions
 d - a potion of enlightenment {unknown}
 f - a potion of heal wounds {unknown}
 i - 3 potions of curing {unknown}

Dungeon Overview and Level Annotations

Branches:
Dungeon (3/15)

Altars:
Fedhas
Uskayaw


Message History

You kill the hobgoblin!
You now have 97 gold pieces (gained 10).
b - a scroll labelled GOZAILICUP
Enter note:
Enter note: You now have 102 gold pieces (gained 5).
Things that are here:
a wand of mindburst (16); a dart slug corpse
e - a +0 pair of gloves
Enter note:
Enter note:
Found a spear.
Enter note:
Enter note: You now have 118 gold pieces (gained 16).
There is a large open door here.
An ice beast comes into view.
Found a stone staircase leading up.
Enter note:
Enter note:
Enter note:
Enter note:
Enter note:
Enter note: You shoot an arrow.
The arrow hits the ice beast.
The ice beast is lightly wounded.
You shoot an arrow. The arrow barely misses the ice beast.
You shoot an arrow.
The arrow completely misses the ice beast.
The ice beast hits you but does no damage.
You shoot an arrow. The arrow hits the ice beast.
The ice beast is lightly wounded.
The ice beast completely misses you.
You shoot an arrow. The arrow hits the ice beast.
The ice beast is moderately wounded.
The ice beast hits you. The ice beast freezes you!
You shoot an arrow. The arrow barely misses the ice beast.
The ice beast hits you. The ice beast freezes you!
Ouch! That really hurt!
You die...

#..............##..............
#..............#...............
#.#............#...............
#.#............#.%.....7)/7....
###.#.........##.'........77.....
....#.........##.'........77.....
##..#.##########.#.......7..7....
#..#.# #######.#...............
#..#.. .......@#...............
#..# #######Y##..............
#... ..###............. #....
...# ##............ ..... #...#
##........).# #..... #....
##........## #...# ####++####
...<.


You could see an ice beast.

Vanquished Creatures
  An adder (D:2)
  3 dart slugs
  6 bats
  5 endoplasms
  2 giant cockroaches
  7 goblins
  5 hobgoblins
  4 jackals (D:2)
  5 kobolds
  6 quokkas
  4 ball pythons (D:1)
  8 frilled lizards
  9 rats
65 creatures vanquished.

Notes
Turn   | Place    | Note
-------+----------+-------------------------------------------
     0 | D:1      | qw the Deep Elf Hunter began the quest for the Orb.
     0 | D:1      | Reached XP level 1. HP: 12/12 MP: 3/3
     0 | D:1      | 0 ||| qw: Version: 0.3-a-9-g12657ce
     0 | D:1      | 0 ||| qw: Game counter: 3446
     0 | D:1      | 0 ||| qw: Always use a shield: true
     0 | D:1      | 0 ||| qw: God list: Okawaru
     0 | D:1      | 0 ||| qw: Allow faded altars: false
     0 | D:1      | 0 ||| qw: Do Orc after D:15 true
     0 | D:1      | 0 ||| qw: Do second Lair branch before Depths: true
     0 | D:1      | 0 ||| qw: Lair rune preference: random
     0 | D:1      | 0 ||| qw: Plans: Normal
     0 | D:1      | 0 ||| PLANNING D:1-11
   140 | D:1      | Reached XP level 2. HP: 16/16 MP: 4/4
   188 | D:1      | Reached skill level 6 in Ranged Weapons
   361 | D:1      | You fall into a shaft and drop 1 floor!
   407 | D:2      | Reached XP level 3. HP: 11/20 MP: 5/5
   632 | D:2      | Reached skill level 7 in Ranged Weapons
   692 | D:2      | 692 ||| UPGRADING to amulet of reflection.
   697 | D:2      | 697 ||| UPGRADING to ring of poison resistance.
   698 | D:2      | 698 ||| READING scroll labelled CAJUME USHOEL.
   699 | D:2      | 699 ||| READING 2 scrolls labelled IDUITO AVUNOI.
   737 | D:2      | 737 ||| READING scroll labelled ZOHUSI JUEVVI.
   738 | D:2      | 738 ||| READING scroll labelled MOAC GIESO.
   739 | D:2      | 739 ||| DROPPING scroll of butterflies.
   740 | D:2      | 740 ||| DROPPING scroll of torment.
  1111 | D:1      | 1111 ||| READING 2 scrolls labelled SUTTIL CISS.
  1112 | D:1      | 1112 ||| READING scroll labelled YGATHRARRASA.
  1113 | D:1      | 1113 ||| DRINKING 2 brown potions.
  1114 | D:1      | 1114 ||| DROPPING scroll of summoning.
  1115 | D:1      | 1115 ||| DROPPING potion of invisibility.
  1159 | D:2      | Reached XP level 4. HP: 25/25 MP: 6/6
  1629 | D:2      | 1629 ||| READING scroll labelled OWONIQUFASU.
  1652 | D:3      | Found a hide-covered altar of Uskayaw.
  1702 | D:3      | Found a blossoming altar of Fedhas.
  1787 | D:3      | Noticed an ice beast
  1793 | D:3      | Slain by an ice beast

Levels and vault maps discovered:
D:1:      mainiacjoe_arrival_reflecting_pool, layout_loops_cross,
          minmay_lizard_king
D:2:      minmay_door_path, layout_loops_ring, minmay_misc_feat_room,
          minmay_cupped
D:3:      kennysheep_big_flooded_room, layout_basic,
          nicolae_overflow_crystal_walls, cheibrodos_ashenzari_chains,
          mainiacjoe_overflow_paths, hex_large, chequers_serial_rivers_micro_c,
          uniq_grinder, uniq_crazy_yiuf_cottage

Skill      XL: |  1  2  3 |
---------------+----------+-----
Ranged Weapons | 6 7 |  7.7
Fighting       | |  1.5
Dodging        | |  2.4
Stealth        | |  1.2

Action                     |  1- 3 |  4- 6 || total
---------------------------+-------+-------++-------
   Fire: Shortbow          |   139 |    54 ||   193
    Use: Scroll            |     6 |     1 ||     7
         Potion            |     1 |       ||     1
 Armour: Leather armour    |     8 |     4 ||    12
  Dodge: Dodged            |    33 |    16 ||    49
  Block: Other             |     5 |     7 ||    12

Table legend:
 A = Non-vault XP
 B = Vault XP
 C = Vault XP percentage of total XP
 D = Non-vault monster count
 E = Vault monster count
 F = Vault count percentage of total count
                 A         B        C        D         E       F
            +---------+---------+-------+---------+---------+-------
      Total |     108 |      16 |  12.9 |      55 |      10 |  15.4
            +---------+---------+-------+---------+---------+-------
        D:1 |      55 |       4 |   6.8 |      30 |       4 |  11.8
        D:2 |      49 |       7 |  12.5 |      23 |       4 |  14.8
        D:3 |       4 |       5 |  55.6 |       2 |       2 |  50.0
            +---------+---------+-------+---------+---------+-------
